 Dungeon Crawl Stone Soup version 0.29-a0-284-gf9362112df (webtiles) character file.

Game seed: 16676814716983483136

5075 sammy202020 the Cleaver (level 10, -20/141 HPs)
             Began as a Minotaur Berserker on Mar 20, 2022.
             Was an Elder of Trog.
             Demolished by an orc knight
             ... wielding a +0 trident
              (26 damage)
             ... in a bailey.
             The game lasted 00:20:11 (8407 turns).

sammy202020 the Cleaver (Minotaur Berserker)        Turns: 8407, Time: 00:20:15

Health: -20/141    AC: 17    Str: 22    XL:     10   Next: 31%
Magic:  9/9        EV: 10    Int: 10    God:    Trog [****..]
Gold:   528        SH:  0    Dex: 12    Spells: 9/9 levels left

rFire   . . .      SeeInvis .   B - +3 battleaxe
rCold   + . .      Faith    .   (shield currently unavailable)
rNeg    . . .      Spirit   .   D - +3 chain mail {rC+}
rPois   +          Reflect  .   (helmet restricted)
rElec   .          Harm     .   p - +0 cloak
rCorr   .          Rampage  .   (no gloves)
Will    ++...                   r - +0 pair of boots
Stlth   ..........              (no amulet)
HPRegen 2.13/turn               o - +4 ring of slaying
MPRegen 0.11/turn               q - ring of poison resistance

@: berserking, strong-willed, regenerating, very quick
A: horns 2, retaliatory headbutt, thin skeletal structure 1, clever 1,
regeneration 1
a: Renounce Religion, Berserk, Trog's Hand, Brothers in Arms


You were in a bailey.
You worshipped Trog.
Trog was greatly pleased with you.
You visited 1 branch of the dungeon, and saw 9 of its levels.
You also visited: Sewer and Bailey.

You collected 788 gold pieces.
You spent 260 gold pieces at shops.

Inventory:

Hand Weapons
 v - a +0 war axe
 w - a +0 mace of protection
 y - a +1 hand axe of freezing
 B - a +3 battleaxe (weapon)
Missiles
 g - 20 poisoned darts
 E - a boomerang
 K - 4 javelins (quivered)
 L - a curare-tipped dart
Armour
 h - a +0 plate armour
 p - a +0 cloak (worn)
 r - a +0 pair of boots (worn)
 D - a +3 chain mail of cold resistance (worn)
 J - a scarf of shadows
Jewellery
 o - a +4 ring of slaying (left hand)
 q - a ring of poison resistance (right hand)
 u - a +6 ring of strength
Wands
 s - a wand of digging (4)
 H - a wand of flame (31)
 M - a wand of paralysis (4)
Scrolls
 b - 4 scrolls of teleportation
 l - 2 scrolls of enchant weapon
 m - 3 scrolls of vulnerability
 t - a scroll of amnesia
 A - a scroll of fear
 F - 3 scrolls of blinking
 G - a scroll of identify
 I - a scroll of summoning
Potions
 a - a potion of berserk rage
 c - 2 potions of attraction
 d - a potion of brilliance
 e - a potion of curing
 f - 5 potions of mutation
 i - a potion of cancellation
 j - a potion of haste {unknown}
 k - 3 potions of might
 n - 6 potions of resistance
 x - a potion of lignification {unknown}
 z - 5 potions of heal wounds {unknown}
 C - 2 potions of degeneration {unknown}
 N - a potion of experience
 O - 2 potions of invisibility {unknown}


   Skills:
 * Level 10.4 Fighting
 * Level 10.5 Axes
 * Level 10.1 Armour
 + Level 6.7 Dodging


You had 9 spell levels left.
You didn't know any spells.
Your spell library was empty.

Dungeon Overview and Level Annotations

Branches:
Dungeon (9/15)             Temple (0/1) D:7            Lair (0/6) D:9
  Sewer (visited)          Bailey (1/1)
    Orc: D:9-12

Altars:
Cheibriados
Dithmenos
Elyvilon
Gozag
Uskayaw
Vehumet
Xom
Zin
The Shining One
Beogh

Shops:
D:1 =


Innate Abilities, Weirdness & Mutations

You have a pair of horns on your head.
You reflexively headbutt those who attack you in melee.
You have a somewhat thin skeletal structure. (Dex +2, Stealth+)
Your mind is acute. (Int +2)
Your natural rate of healing is unusually fast.


Message History

A red film seems to cover your vision as you go berserk!
You feel yourself moving faster!
You feel mighty! Trog will no longer gift you weapons.
The orc hits you but does no damage.
The orc knight hits you from afar with a +0 halberd.
The orc closely misses you.
The orc warrior hits you with a +0 war axe!
The orc warrior hits you but does no damage.
The orc knight roars a battlecry!
The orcs go into a battle-frenzy!
The orc closely misses you.
You slash the orc knight!
The orc knight is lightly wounded.
You closely miss the orc warrior. You slash the orc!
You kill the orc!
Trog accepts your kill.
You slice the orc warrior!! You barely miss the orc. You slash the orc knight!
The orc knight is moderately wounded.
You hit the orc. You closely miss the orc warrior. x2
The orc hits you with a +0 war axe.
The orc knight roars a battlecry!
The orcs go into a battle-frenzy!
The orc warrior hits you with a +0 war axe!!
The orc warrior hits you with a +0 halberd!
The orc knight hits you with a +0 trident!!
The orc closely misses you.
You slash the orc knight!
The orc knight is heavily wounded.
You closely miss the orc. You barely miss the orc warrior. x2
The orc hits you but does no damage.
The orc knight hits you from afar with a +0 halberd!!!
* * * LOW HITPOINT WARNING * * *
The orc warrior barely misses you. You furiously retaliate!
You headbutt the orc warrior!
You kill the orc warrior!
Trog accepts your kill. The orc warrior closely misses you.
The orc knight hits you with a +0 trident!!
You die...

####### #######
#.....#########.....##
.......#.....#.......+
..##...'.....'.o#o...+
).8....'.....'.)@o...+
))##...'.....'..#oo..+
).)....#.....#...o...+
#))...#########.....##
####### #######


You could see 2 orc knights, an orc warrior (strong) and 3 orcs.

Vanquished Creatures
  A two-headed ogre (D:7)
  Psyche (D:8)
  A hornet (D:8)
  A wyvern (D:8)
  A water moccasin (Sewer)
  7 orc warriors
  A black bear (D:6)
  2 ice beasts
  3 ogres
  3 centaurs
  2 phantoms
  A kobold brigand (D:8)
  3 necrophages
  A bullfrog (D:8)
  3 scorpions
  5 wights (D:6)
  10 killer bees
  4 jellies
  A hound (D:6)
  2 gnoll shamans (D:7)
  7 orc priests
  8 iguanas
  5 orc wizards
  10 gnolls
  2 river rats (D:6)
  7 adders
  A shadow imp (D:5)
  A worm (D:2)
  3 dart slugs
  41 orcs
  12 endoplasms
  8 giant cockroaches
  10 goblins
  5 hobgoblins
  13 kobolds
  2 quokkas
  7 ball pythons
  8 bats
  8 frilled lizards
  14 rats
225 creatures vanquished.

Vanquished Creatures (others)
  An angel (D:4)
  5 fungi
  6 plants
12 creatures vanquished.

Grand Total: 237 creatures vanquished

Notes
Turn   | Place    | Note
-------+----------+-------------------------------------------
     0 | D:1      | sammy202020 the Minotaur Berserker began the quest for the
                  | Orb.
     0 | D:1      | Reached XP level 1. HP: 19/19 MP: 0/0
   194 | D:1      | Found Jani's Jewellery Boutique.
   221 | D:1      | Reached XP level 2. HP: 27/27 MP: 1/1
   658 | D:1      | Found a faded altar of an unknown god.
   727 | D:1      | Reached XP level 3. HP: 29/33 MP: 2/2
   918 | D:1      | Reached ** piety under Trog
  2084 | D:3      | Noticed a necrophage
  2093 | D:3      | Killed a necrophage
  2094 | D:3      | Reached XP level 4. HP: 33/41 MP: 3/3
  2096 | D:3      | Reached XP level 5. HP: 40/47 MP: 4/4
  2318 | D:3      | Reached skill level 5 in Axes
  2480 | D:4      | Noticed an angel
  2481 | D:4      | Found a shimmering altar of Xom.
  2481 | D:4      | Found a glowing silver altar of Zin.
  2506 | D:4      | Reached skill level 5 in Fighting
  2555 | D:4      | Reached *** piety under Trog
  2584 | D:4      | Reached XP level 6. HP: 53/56 MP: 5/5
  2599 | D:4      | Found a snail-covered altar of Cheibriados.
  2619 | D:4      | Found a radiant altar of Vehumet.
  2823 | D:4      | Found a glowing golden altar of the Shining One.
  3085 | D:4      | Reached skill level 5 in Armour
  3275 | D:4      | Found a hide-covered altar of Uskayaw.
  3303 | D:4      | Reached XP level 7. HP: 27/62 MP: 6/6
  3498 | D:4      | Killed an angel
  3897 | D:1      | Bought a ring of poison resistance for 260 gold pieces
  4003 | D:5      | Entered Level 5 of the Dungeon
  5006 | D:5      | Found a shadowy altar of Dithmenos.
  5159 | D:5      | Found an opulent altar of Gozag.
  5530 | D:6      | Reached XP level 8. HP: 63/71 MP: 7/7
  5848 | D:6      | Found a glowing drain.
  5874 | Sewer    | Entered a sewer
  5877 | Sewer    | Reached **** piety under Trog
  5955 | Sewer    | Gained mutation: You have a somewhat thin skeletal
                  | structure. (Dex +2, Stealth+) [potion of mutation]
  5955 | Sewer    | Gained mutation: Your natural rate of healing is unusually
                  | fast. [potion of mutation]
  5955 | Sewer    | Gained mutation: Your mind is acute. (Int +2) [potion of
                  | mutation]
  5982 | D:6      | Reached skill level 5 in Dodging
  6326 | D:7      | Reached XP level 9. HP: 81/82 MP: 8/8
  6384 | D:7      | Found a staircase to the Ecumenical Temple.
  6465 | D:7      | Noticed a two-headed ogre
  6500 | D:7      | Found a transporter.
  6545 | D:7      | Found a transporter.
  6566 | D:7      | Killed a two-headed ogre
  6857 | D:8      | Found a white marble altar of Elyvilon.
  7060 | D:8      | Noticed Psyche
  7073 | D:8      | Killed Psyche
  7074 | D:8      | Reached skill level 10 in Axes
  7074 | D:8      | Reached XP level 10. HP: 85/93 MP: 9/9
  7156 | D:8      | Reached skill level 10 in Fighting
  7743 | D:9      | Found a staircase to the Lair.
  8073 | D:9      | Found a flagged portal.
  8273 | Bailey   | Entered a bailey
  8289 | Bailey   | Reached skill level 10 in Armour
  8338 | Bailey   | Reached ***** piety under Trog
  8399 | Bailey   | Noticed an orc knight
  8399 | Bailey   | Noticed an orc knight
  8407 | Bailey   | HP: 6/141 [orc knight/+0 halberd (39)]
  8407 | Bailey   | Demolished by an orc knight

Illustrated notes

Levels and vault maps discovered:
D:1:      tarquinn_simple_flora_water_f, layout_loops_ring,
          dreamdust_ecumenical_altar_grove, serial_shops, nicolae_square_shop
D:2:      wander_river, layout_loops_ring
D:3:      cheibrodos_helix_gallery, layout_basic
D:4:      layout_loops_ring, grunt_temple_overflow_order_and_chaos_1,
          mainiacjoe_overflow_24_doors,
          mainiacjoe_overflow_concentric_impassable, overflow_temple_1_default,
          cheibriados_altar_1, serial_aquarium, aquarium_bridge_straight
          [aquarium_subvault_bridge, aquarium_subvault_wall,
          aquarium_subvault_bridge, aquarium_subvault_balcony],
          aquarium_bridge_square [aquarium_subvault_bridge,
          aquarium_subvault_wall, aquarium_subvault_window,
          aquarium_subvault_wall], aquarium_window_fake, aquarium_window_1,
          aquarium_view_2c, aquarium_view_2b, aquarium_balcony_3b
D:5:      layout_layer_cave, lemuel_doored_altar, kennysheep_mini_moat,
          wad_woods_river_04
D:6:      layout_rooms, portal_sewer_entry_c
D:7:      gammafunk_beogh_shrine, layout_rooms, minmay_temple_entry_sparse_star
D:8:      hellmonk_warped_wall, layout_basic,
          mainiacjoe_overflow_surrounded_room, st_stairs_1, uniq_psyche
D:9:      layout_long_grid, dpeg_oklobed_lair, enter_bailey_2,
          chequers_serial_rivers_marsh
Bailey:   bailey_polearm_5, bailey

Skill      XL: |  1  2  3  4  5  6  7  8  9 10 |
---------------+-------------------------------+-----
Axes           | 4 5 6 7 8 10 | 10.5
Fighting       | 4 5 6 8 9 10 | 10.4
Armour         | 3 4 5 6 7 9 10 | 10.1
Dodging        | 3 4 5 6 |  6.7

Action                   |  1- 3 |  4- 6 |  7- 9 | 10-12 || total
-------------------------+-------+-------+-------+-------++-------
Melee: Hand axe          |   114 |    67 |    93 |       ||   274
       Headbutt          |    12 |    17 |    31 |     5 ||    65
       Battleaxe         |       |       |   101 |    55 ||   156
Invok: Trog's Hand       |     1 |       |     2 |     1 ||     4
       Berserk           |       |       |     1 |     1 ||     2
  Use: Scroll            |       |     7 |     7 |     3 ||    17
       Potion            |       |       |     1 |       ||     1
 Stab: Sleeping          |     1 |       |       |       ||     1
Armor: Animal skin       |     3 |       |       |       ||     3
       Scale mail        |    26 |       |       |       ||    26
       Chain mail        |     4 |       |    16 |   100 ||   120
       Plate armour      |       |    36 |    86 |       ||   122
Dodge: Dodged            |    69 |    21 |    84 |    97 ||   271

Table legend: (Time is in decaauts)
 A = Elapsed time spent in this place.
 B = Non-inter-level travel time spent in this place.
 C = Inter-level travel time spent in this place.
 D = Time resting spent in this place.
 E = Time spent auto-exploring this place.
 F = Levels seen in this place.
 G = Mean time per level.
                   A        B        C        D        E       F      G
               +--------+--------+--------+--------+--------+-----+--------+
         Total |   8509 |   8064 |    445 |      0 |   6446 |  11 |  773.5 |
       Dungeon |   8281 |   7836 |    445 |      0 |   6354 |   9 |  920.1 |
         Sewer |     91 |     91 |      0 |      0 |     52 |   1 |   91.0 |
        Bailey |    136 |    136 |      0 |      0 |     40 |   1 |  136.0 |
               +--------+--------+--------+--------+--------+-----+--------+

Top non-repeatable levels by time:
     D:4: 1397 daAuts
     D:5: 1374 daAuts
     D:1: 1138 daAuts
     D:2: 965 daAuts
     D:8: 897 daAuts
     D:6: 832 daAuts
     D:9: 593 daAuts
     D:3: 550 daAuts
     D:7: 531 daAuts
  Bailey: 136 daAuts
   Sewer: 91 daAuts
